 Dungeon Crawl Stone Soup version 0.28-a0-503-g83f2989fac (webtiles) character file.

Game seed: 3644140825302219627

12 meatgazer the Skirmisher (level 2, 0/24 HPs)
             Began as a Demonspawn Abyssal Knight on Sept 20, 2021.
             Was a Follower of Lugonu.
             Slain by a bullfrog (2 damage)
             ... on level 3 of the Dungeon.
             The game lasted 00:01:28 (526 turns).

meatgazer the Skirmisher (Demonspawn Abyssal Knight) Turns: 526, Time: 00:01:30

Health: 0/24       AC:  3    Str: 13    XL:     2   Next: 20%
Magic:  4/4        EV: 11    Int: 13    God:    Lugonu [*.....]
Gold:   32         SH:  0    Dex: 13    Spells: 2/2 levels left

rFire   . . .      SeeInvis .   a - +1 falchion
rCold   . . .      Faith    .   (no shield)
rNeg    . . .      Spirit   .   b - +0 leather armour
rPois   .          Reflect  .   (helmet restricted)
rElec   .          Harm     .   (no cloak)
rCorr   .          Rampage  .   (no gloves)
Will    .....                   (no boots)
Stlth   +.........              (no amulet)
HPRegen 0.08/turn               (no ring)
MPRegen 0.09/turn               (no ring)

@: no status effects
A: demonic magic 1, antennae 1, claws 1, clever 1, no potion heal 1
a: Renounce Religion, Depart the Abyss


You were on level 3 of the Dungeon.
You worshipped Lugonu.
Lugonu was aware of your devotion.
You visited 1 branch of the dungeon, and saw 3 of its levels.
You visited the Abyss 1 time.

You collected 32 gold pieces.

Inventory:

Hand Weapons
 a - a +1 falchion (weapon)
Armour
 b - a +0 leather armour (worn)
Scrolls
 c - a scroll of identify {unknown}
 e - a scroll of teleportation {unknown}
Potions
 d - a potion of brilliance {unknown}
 f - a potion of curing {unknown}


   Skills:
 + Level 3.1 Fighting
 + Level 1.9 Long Blades
 + Level 1.9 Armour
 - Level 0.8 Dodging
 * Level 0.8 Spellcasting
 + Level 2.7 Invocations


You had 2 spell levels left.
You didn't know any spells.
Your spell library contained the following spells:

 Spells                   Type           Power      Damage    Failure   Level
 Shock                    Conj/Air       0%         1d3       36%         1
 Sublimation of Blood     Necr           0%         N/A       50%         2
 Wereblood                Tmut           0%         N/A       50%         2
 Call Canine Familiar     Summ           0%         N/A       73%         3
 Portal Projectile        Hex/Tloc       0%         N/A       73%         3
 Swiftness                Air            0%         N/A       73%         3
 Airstrike                Air            0%         N/A       98%         4
 Leda's Liquefaction      Hex/Erth       0%         N/A       98%         4
 Summon Hydra             Summ           0%         N/A       100%        7


Dungeon Overview and Level Annotations

Branches:
Dungeon (3/15)

Altars:


Innate Abilities, Weirdness & Mutations

Spells you cast may paralyse adjacent enemies.
You have a pair of small antennae on your head.
You have sharp fingernails.
Your mind is acute. (Int +2)
Potions are less effective at restoring your health.


Message History

The adder is almost dead.
You feel sick. The adder bites you.
You are more poisoned.
The adder poisons you!
You closely miss the adder.
The adder is almost dead.
You feel sick. The adder barely misses you. The adder closely misses you.
You slash the adder!
You kill the adder!
Lugonu accepts your kill.
You feel sick.
You have reached level 2!
Your demonic ancestry asserts itself...
A menacing aura infuses your magic.
You feel sick.
You feel sick.
You feel sick.
You feel sick.
You are no longer poisoned.
A bullfrog comes into view.
Found 24 bolts.
An endoplasm comes into view.
Found 17 poisoned darts.
The bullfrog misses you.
You barely miss the bullfrog. The bullfrog hits you. x2
You closely miss the bullfrog. The bullfrog barely misses you.
You hit the bullfrog.
The bullfrog is lightly wounded.
The bullfrog hits you. x2
You are too injured to fight recklessly!
You are too injured to fight recklessly!
You are too injured to fight recklessly!
You are too injured to fight recklessly!
Found 17 arrows.
The bullfrog hits you.
* * * LOW HITPOINT WARNING * * *
The endoplasm freezes you.
You are frozen.
* * * LOW HITPOINT WARNING * * *
The bullfrog hits you.
You die...

.#
###########
#.#
#..........
#.#
#.####.....
# #.# #.#
#.#### # #.
#.# #.# #.#
..#.#.##.#
#.# #.#
(..(.....#
#.# #.#
#.J@F# #.#
#.# ###..#
#.# #.#
#..#####.#
#.####
#........#
#.....
#.########
###### #..
#.# #.#
#### #.
#...


You could see a bullfrog and an endoplasm.

Vanquished Creatures
  An adder (D:3)
  A goblin (D:3)
  A hobgoblin (D:3)
  A kobold (D:1)
4 creatures vanquished.

Vanquished Creatures (others)
  2 starspawn tentacles (Abyss:2)
2 creatures vanquished.

Grand Total: 6 creatures vanquished

Notes
Turn   | Place    | Note
-------+----------+-------------------------------------------
     0 | Abyss:1  | meatgazer the Demonspawn Abyssal Knight began the quest for
                  | the Orb.
     0 | Abyss:1  | Reached XP level 1. HP: 18/18 MP: 2/2
     3 | Abyss:1  | Found a corrupted altar of Lugonu.
    40 | Abyss:2  | Noticed a tentacled starspawn
    46 | Abyss:2  | Noticed a small abomination
    66 | Abyss:3  | Noticed a raiju
    75 | D:1      | Escaped the Abyss
    77 | D:1      | Gained mutation: Your mind is acute. (Int +2) [potion of
                  | mutation]
    77 | D:1      | Gained mutation: You have a pair of small antennae on your
                  | head. [potion of mutation]
    77 | D:1      | Gained mutation: Potions are less effective at restoring
                  | your health. [potion of mutation]
    77 | D:1      | Gained mutation: You have sharp fingernails. [potion of
                  | mutation]
   335 | D:3      | Gained mutation: Spells you cast may paralyse adjacent
                  | enemies. [demonic ancestry]
   335 | D:3      | Reached XP level 2. HP: 13/24 MP: 4/4
   520 | D:3      | Noticed a bullfrog
   526 | D:3      | Slain by a bullfrog

Illustrated notes

Levels and vault maps discovered:
D:1:      wander_arrival_fairy_ring, layout_loops_ring
D:2:      layout_basic, hellmonk_ecumenical_altar_blasted, minmay_pentomino_v4
D:3:      layout_loops_ring

Action                   || total
-------------------------++-------
Melee: Falchion          ||    15
  Use: Potion            ||     2
Armor: Leather armour    ||     3
Dodge: Dodged            ||     9

Table legend: (Time is in decaauts)
 A = Elapsed time spent in this place.
 B = Non-inter-level travel time spent in this place.
 C = Inter-level travel time spent in this place.
 D = Time resting spent in this place.
 E = Time spent auto-exploring this place.
 F = Levels seen in this place.
 G = Mean time per level.
                   A        B        C        D        E       F      G
               +--------+--------+--------+--------+--------+-----+--------+
         Total |    508 |    488 |     20 |      0 |    404 |   6 |   84.7 |
       Dungeon |    433 |    413 |     20 |      0 |    368 |   3 |  144.3 |
         Abyss |     74 |     74 |      0 |      0 |     36 |   3 |   24.7 |
               +--------+--------+--------+--------+--------+-----+--------+

Top non-repeatable levels by time:
     D:3: 344 daAuts
     D:2: 59 daAuts
 Abyss:2: 32 daAuts
     D:1: 29 daAuts
 Abyss:1: 23 daAuts
 Abyss:3: 18 daAuts
